 Dungeon Crawl Stone Soup version 0.30.1-9-gdf580d7c3d (webtiles) character file.

Game seed: 724645846990299799

23582 Chiseanne the Fighter (level 12, -8/99 HPs)
             Began as a Demonspawn Wanderer on Oct 15, 2023.
             Was an Initiate of Gozag.
             Mangled by an orc knight
             ... wielding a +0 broad axe
              (17 damage)
             ... while paralysed by a chaos spawn
             ... on level 2 of the Orcish Mines.
             The game lasted 00:28:19 (12366 turns).

Chiseanne the Fighter (Demonspawn Wanderer)        Turns: 12366, Time: 00:28:20

Health: -8/99      AC: 20    Str: 19    XL:     12   Next: 73%
Magic:  13/13      EV:  2    Int: 16    God:    Gozag
Gold:   1468       SH:  0    Dex: 15    Spells: 13/13 levels left

rFire   + . .        a - +6 broad axe (vamp)
rCold   + + .        b - +1 buckler
rNeg    + + .        v - +5 chain mail {rC+}
rPois   .            (no helmet)
rElec   .            o - scarf {rC+ rF+}
rCorr   .            j - +0 pair of gloves of Apathy {rN++ Regen+}
SInv    .            J - +1 pair of boots
Will    .....        w - amulet of regeneration Stlth
                     f - ring of wizardry
HPRegen 1.96/turn    E - +6 ring of strength
MPRegen 0.13/turn

%: wizardry (x1)
@: paralysed, mighty, marked, gold aura
A: hooves 1, repulsion field 2, demonic guardian 2, spiny 2
a: Renounce Religion, Potion Petition, Call Merchant, Bribe Branch


You were on level 2 of the Orcish Mines.
You worshipped Gozag.
Gozag was most pleased with you.
You visited 3 branches of the dungeon, and saw 16 of its levels.

You collected 2752 gold pieces.
You spent 325 gold pieces at shops.
You paid 959 gold pieces to Gozag.

Inventory:

Hand Weapons
 a - a +6 vampiric broad axe (weapon)
 B - the +7 sceptre of Torment {pain, torment}
   (You found it on level 7 of the Dungeon)
Missiles
 i - 14 boomerangs
 n - 34 poisoned darts
 p - 12 javelins
 y - a curare-tipped dart (quivered)
 M - 4 atropa-tipped darts
 N - a boomerang of dispersal
Armour
 b - a +1 buckler (worn)
 j - the +0 pair of gloves of Apathy (worn) {rN++ Regen+}
   (You found it on level 5 of the Dungeon)

   rN:        It greatly protects you from negative energy.
   Regen:     It increases your rate of health regeneration.
 o - a scarf of resistance (worn)
 v - a +5 chain mail of cold resistance (worn)
 J - a +1 pair of boots (worn)
Jewellery
 f - a ring of wizardry (left hand)
 h - a ring of resist corrosion
 w - an amulet of regeneration (around neck)
 E - a +6 ring of strength (right hand)
Wands
 z - a wand of mindburst (18)
 A - a wand of polymorph (8)
 C - a wand of acid (12)
 F - a wand of flame (12)
 L - a wand of digging (4)
Scrolls
 c - 11 scrolls of teleportation
 k - 3 scrolls of butterflies
 l - 2 scrolls of silence
 m - a scroll of immolation
 q - 4 scrolls of fear
 D - 3 scrolls of fog
 I - 7 scrolls of identify
 K - a scroll of magic mapping
Potions
 d - a potion of ambrosia
 e - a potion of might
 g - 6 potions of curing
 r - a potion of magic
 s - 2 potions of cancellation
 t - 3 potions of resistance
 u - 2 potions of flight
 x - 5 potions of heal wounds
 G - a potion of brilliance
 H - a potion of haste


   Skills:
 - Level 10.9 Fighting
 * Level 2.9 Axes
 - Level 1.0 Throwing
 * Level 9.9 Armour
 * Level 10.1 Dodging
 * Level 10.3 Shields
 - Level 1.0 Spellcasting
 - Level 1.7 Ice Magic


You had 13 spell levels left.
You didn't know any spells.
Your spell library contained the following spells:

 Spells                   Type           Power      Damage    Failure   Level
 Freeze                   Ice            24%        1d4       30%         1
 Magic Dart               Conj           0%         1d3       52%         1
 Shock                    Conj/Air       0%         1d3       52%         1
 Slow                     Hex            0%         N/A       52%         1
 Summon Small Mammal      Summ           0%         N/A       52%         1
 Ensorcelled Hibernation  Hex/Ice        6%         N/A       52%         2
 Blink                    Tloc           0%         N/A       65%         2
 Call Imp                 Summ           0%         N/A       65%         2
 Lesser Beckoning         Tloc           0%         N/A       65%         2
 Momentum Strike          Conj/Tloc      0%         3d8       65%         2
 Static Discharge         Conj/Air       0%         2-2/arc   65%         2
 Sublimation of Blood     Necr           0%         N/A       65%         2
 Ozocubu's Armour         Ice            6%         N/A       65%         3
 Call Canine Familiar     Summ           0%         N/A       86%         3
 Confusing Touch          Hex            0%         N/A       86%         3
 Ignite Poison            Fire/Tmut/Pois 0%         N/A       86%         3
 Mephitic Cloud           Conj/Pois/Air  0%         N/A       86%         3
 Portal Projectile        Hex/Tloc       0%         N/A       86%         3
 Spider Form              Tmut/Pois      0%         N/A       86%         3
 Stone Arrow              Conj/Erth      0%         3d7       86%         3
 Summon Guardian Golem    Hex/Summ       0%         N/A       86%         3
 Swiftness                Air            0%         N/A       86%         3
 Vampiric Draining        Necr           0%         2d6       86%         3
 Airstrike                Air            0%         2d(0-16)  99%         4
 Anguish                  Hex/Necr       0%         N/A       99%         4
 Animate Armour           Summ/Erth      0%         N/A       99%         4
 Leda's Liquefaction      Hex/Erth       0%         N/A       99%         4
 Manifold Assault         Tloc           0%         N/A       99%         4
 Olgreb's Toxic Radiance  Pois           0%         N/A       99%         4
 Petrify                  Tmut/Erth      0%         N/A       99%         4
 Sticky Flame             Conj/Fire      0%         2d3       99%         4
 Summon Lightning Spire   Summ/Air       0%         N/A       99%         4
 Blade Hands              Tmut           0%         N/A       100%        5
 Irradiate                Conj/Tmut      0%         3d11      100%        5
 Iskenderun's Battlesphe  Conj           0%         2d6       100%        5
 Conjure Ball Lightning   Conj/Air       0%         3x3d6     100%        6
 Iron Shot                Conj/Erth      0%         9d1       100%        6
 Spellforged Servitor     Conj/Summ      0%         N/A       100%        7
 Storm Form               Tmut/Air       0%         N/A       100%        7
 Discord                  Hex            0%         N/A       100%        8
 Disjunction              Tloc           0%         N/A       100%        8
 Ignition                 Fire           0%         3d3       100%        8
 Lehudib's Crystal Spear  Conj/Erth      0%         10d2      100%        8


Dungeon Overview and Level Annotations

Branches:
Dungeon (13/15)            Temple (1/1) D:7            Lair (0/5) D:9
    Orc (2/2) D:10
    Elf: Orc:2       Vaults: D:13-14

Altars:
Ashenzari
Cheibriados
Dithmenos
Fedhas
Gozag
Hepliaklqana
Kikubaaqudgha
Makhleb
Nemelex Xobeh
Okawaru
Qazlal
Ru
Sif Muna
Trog
Uskayaw
Vehumet
Wu Jian
Xom
Yredelemnul
Jiyva

Shops:
D:7 =[   D:9 *   D:11 ?

Annotations:
D:5 1 runed translucent door, ratatoskos's ghost, novice TrFi
D:7 2 transporters, exclusions: ice statue and oklob plant, TowerOfEmptiness's ghost, novice TrBe
D:10 2 transporters


Innate Abilities, Weirdness & Mutations

You have large cloven feet.
You are surrounded by a moderate repulsion field. (EV +3)
A demonic guardian rushes to your aid.
You are mostly covered in sharp spines.


Message History

The orc knight no longer looks unusually strong.
The orc warrior is distracted by your dazzling golden aura.
The orc knight hits you but does no damage.
The orc knight roars a battlecry!
The orcs go into a battle-frenzy!
The orc sorcerer gestures at you while chanting.
The bolt of fire misses you.
An orc warrior comes into view. It is wielding a +0 mace.
The orc knight roars a battlecry!
The orc warrior goes into a battle-frenzy!
The orc warrior shouts!
Okay, then.
You feel very mighty all of a sudden.
An orc warrior comes into view. It is wielding a +0 halberd.
The orc warrior is distracted by your dazzling golden aura.
The orc knight hits you with a +0 great mace!!!
The chaos spawn misses you.
The orc warrior shouts!
You slash the orc knight!
The orc knight is moderately wounded.
You miss the orc knight. You closely miss the orc sorcerer.
You hit the chaos spawn.
The orc warrior is distracted by your dazzling golden aura.
The orc knight hits you with a +0 great mace!!
* * * LOW HITPOINT WARNING * * *
A demonic guardian appears!
The chaos spawn is struck by your spines.
The chaos spawn hits you!
* * * LOW HITPOINT WARNING * * *
You suddenly lose the ability to move!
The orc warrior shouts!
The orc sorcerer is struck by your spines.
The orc sorcerer hits you but does no damage.
An orc warrior comes into view. It is wielding a +0 halberd.
The orc unwields a +0 arbalest.
The orc wields a +0 hand axe.
The orc hits you but does no damage.
The orc knight unwields a +0 arbalest.
The orc knight wields a +0 broad axe.
The orc knight hits you with a +0 broad axe!
You die...
Your body crumbles into a pile of gold.

###....))# ##.....)..
#...)))... ##..))##.#
#################)#####
##............o..)......
#......)....o..)))......
...##.4##..##)..###...##
#..o@oo..o.≈≈# #≈≈...
#...o4o....≈≈≈# #≈≈≈..
#........o..≈≈≈≈##
##≈≈≈≈ #..#......≈≈≈≈###
##≈≈ #. #.....≈≈≈≈## #≈
# ............. o
...............
..#....o≈≈≈≈###


You could see 2 orc knights, a chaos spawn (summoned), an orc sorcerer (strong,
ally target), 6 orc warriors, an orc (strong) and a friendly ice devil
(summoned).

Vanquished Creatures
  An ettin (Orc:1)
  A centaur warrior (D:12)
  2 two-headed ogres
  Nergalle (D:10)
  A deep elf pyromancer (D:6)
  2 orc knights
  An ugly thing (D:12)
  A cyclops (D:11)
  An unseen horror (D:11)
  A komodo dragon (D:12)
  5 trolls
  A hornet (D:9)
  5 slime creatures (D:12)
  3 wraiths
  A vampire (D:10)
  2 wyverns
  2 shadows
  9 vampire mosquitoes (D:12)
  13 yaks
  2 steam dragons
  6 wargs
  A water moccasin (D:7)
  An acid dragon (D:12)
  21 orc warriors
  2 ice beasts
  A swamp drake (D:10)
  A sky beast (D:8)
  5 ogres
  4 wolves (D:8)
  20 centaurs
  A phantom (D:5)
  2 kobold brigands
  6 bullfrogs
  4 scorpions
  16 killer bees
  3 hounds
  4 jellies
  21 orc priests
  2 gnoll boudas
  Jessica (D:3)
  2 sleepcaps
  3 iguanas
  17 orc wizards
  4 hell rats (D:5)
  9 adders
  5 gnolls
  16 river rats (D:5)
  2 white imps (D:6)
  An ufetubus (D:6)
  3 dart slugs
  76 orcs
  7 ball pythons
  7 bats
  9 endoplasms
  3 giant cockroaches
  13 goblins
  7 hobgoblins
  4 jackals (D:1)
  6 quokkas
  5 frilled lizards
  20 kobolds
  8 rats
404 creatures vanquished.

Vanquished Creatures (collateral kills)
  A deep elf pyromancer (D:12)
  A cyclops (D:12)
  A gargoyle (D:12)
  4 slime creatures (D:12)
  A wyvern (D:11)
  2 yaks (D:9)
  A vampire mosquito (D:12)
  Grum (D:8)
  A warg (Orc:1)
  An adder (D:3)
14 creatures vanquished.

Vanquished Creatures (others)
  A gnoll (D:8)
  An orc (Orc:2)
2 creatures vanquished.

Grand Total: 420 creatures vanquished

Notes
Turn   | Place    | Note
-------+----------+-------------------------------------------
     0 | D:1      | Chiseanne the Demonspawn Wanderer began the quest for the
                  | Orb.
     0 | D:1      | Chiseanne set off with the following items: a +2 hand axe,
                  | a +0 buckler, a scroll of teleportation, a +0 robe; and the
                  | following spell memorised: Freeze; and the following spells
                  | available to memorise: Ozocubu's Armour.
     0 | D:1      | Reached XP level 1. HP: 16/16 MP: 2/2
   167 | D:1      | Gained mutation: You are surrounded by a mild repulsion
                  | field. (EV +2) [demonic ancestry]
   167 | D:1      | Reached XP level 2. HP: 11/22 MP: 3/3
   284 | D:1      | Reached skill level 1 in Dodging
   660 | D:1      | Reached XP level 3. HP: 28/28 MP: 4/4
  1550 | D:2      | Gained mutation: A weak demonic guardian rushes to your
                  | aid. [demonic ancestry]
  1550 | D:2      | Reached XP level 4. HP: 33/35 MP: 5/5
  2292 | D:3      | Found a radiant altar of Vehumet.
  2307 | D:3      | Noticed Jessica
  2314 | D:3      | Killed Jessica
  2315 | D:3      | Reached skill level 1 in Armour
  2315 | D:3      | Gained mutation: You are partially covered in sharp spines.
                  | [demonic ancestry]
  2315 | D:3      | Reached XP level 5. HP: 36/41 MP: 6/6
  2694 | D:3      | Found a shimmering altar of Xom.
  2694 | D:3      | Found a blossoming altar of Fedhas.
  2696 | D:3      | Found a stormy altar of Qazlal.
  2778 | D:3      | Found a shadowy altar of Dithmenos.
  3597 | D:4      | Gained mutation: You are surrounded by a moderate repulsion
                  | field. (EV +3) [demonic ancestry]
  3597 | D:4      | Reached XP level 6. HP: 48/48 MP: 7/7
  3996 | D:5      | Entered Level 5 of the Dungeon
  4198 | D:5      | Found an ancient bone altar of Kikubaaqudgha.
  4241 | D:5      | Gained mutation: You are mostly covered in sharp spines.
                  | [demonic ancestry]
  4241 | D:5      | Reached XP level 7. HP: 47/54 MP: 8/8
  4427 | D:5      | Identified the +0 pair of gloves of Apathy {rN++ Regen+}
  4746 | D:5      | Found a runed translucent door.
  4746 | D:5      | Noticed ratatoskos's ghost (novice TrFi)
  4746 | D:5      | Noticed a wraith
  4937 | D:5      | Reached skill level 5 in Fighting
  4954 | D:5      | Reached XP level 8. HP: 62/62 MP: 9/9
  4965 | D:5      | Found the +2 ratskin cloak {*Rats rPois rN+ Str-1 Int-1
                  | Dex+1}
  5310 | D:6      | Noticed a deep elf pyromancer
  5316 | D:6      | Killed a deep elf pyromancer
  5317 | D:6      | Reached skill level 5 in Shields
  5390 | D:6      | Reached skill level 5 in Dodging
  5578 | D:6      | Found a bloodstained altar of Trog.
  5668 | D:6      | Reached XP level 9. HP: 69/69 MP: 10/10
  5919 | D:7      | Found a staircase to the Ecumenical Temple.
  6001 | D:7      | Noticed an oklob plant
  6019 | D:7      | Noticed TowerOfEmptiness's ghost (novice TrBe)
  6024 | D:7      | Noticed an ice statue
  6035 | D:7      | Found a transporter.
  6035 | D:7      | Found the +7 sceptre of Torment {pain, torment}
  6039 | D:7      | Found a transporter.
  6051 | D:7      | Noticed a gargoyle
  6090 | D:7      | Found Pukosky's Antique Armour Shoppe.
  6287 | D:7      | Reached skill level 5 in Armour
  6337 | D:7      | Found Muc Ycit's Jewellery Emporium.
  6592 | Temple   | Entered the Ecumenical Temple
  7636 | D:8      | Noticed Grum
  7647 | D:8      | Killed Grum
  8211 | D:9      | Found a staircase to the Lair.
  8220 | D:9      | Gained mutation: A demonic guardian rushes to your aid.
                  | [demonic ancestry]
  8220 | D:9      | Reached XP level 10. HP: 79/79 MP: 11/11
  8560 | D:9      | Found Ozxi's Overcharged Wands.
  9020 | D:10     | Entered Level 10 of the Dungeon
  9042 | D:10     | Found a broken altar of Ashenzari.
  9076 | D:10     | Found a transporter.
  9077 | D:10     | Found a viscous altar of Jiyva.
  9078 | D:10     | Noticed an eye of devastation
  9122 | D:10     | Found a staircase to the Orcish Mines.
  9130 | D:10     | Noticed Nergalle
  9146 | D:10     | Killed Nergalle
  9315 | D:10     | Reached XP level 11. HP: 87/87 MP: 12/12
  9587 | D:10     | Found a basalt altar of Yredelemnul.
  9727 | D:10     | Found an opulent altar of Gozag.
  9732 | D:10     | Became a worshipper of Gozag Ym Sagoz the Greedy
  9755 | D:10     | Found a transporter.
 10008 | D:7      | Bought a pair of glowing boots for 202 gold pieces
 10621 | D:12     | Noticed a deep elf pyromancer
 10645 | D:12     | Killed a deep elf pyromancer
 10739 | D:12     | Noticed a purple ugly thing
 10756 | D:12     | Killed a purple ugly thing
 10838 | D:12     | Noticed a two-headed ogre
 10845 | D:12     | Reached skill level 10 in Fighting
 10846 | D:12     | Killed a two-headed ogre
 10959 | D:12     | Gained mutation: You have large cloven feet. [demonic
                  | ancestry]
 10959 | D:12     | Reached XP level 12. HP: 92/97 MP: 13/13
 11259 | D:13     | Noticed a catoblepas
 11259 | D:13     | Noticed a boulder beetle
 11259 | D:13     | Noticed a centaur warrior
 11282 | D:12     | Killed a centaur warrior
 11304 | D:11     | Bought a scroll of brand weapon for 123 gold pieces
 11362 | Orc:1    | Entered Level 1 of the Orcish Mines
 11474 | Orc:1    | Noticed a two-headed ogre
 11483 | Orc:1    | Killed a two-headed ogre
 11871 | Orc:2    | Entered Level 2 of the Orcish Mines
 11876 | Orc:2    | Noticed an ettin
 11880 | Orc:1    | Reached skill level 10 in Shields
 11930 | Orc:1    | HP: 3/99 [ettin/+0 great mace (11)]
 11931 | Orc:1    | Killed an ettin
 12231 | Orc:2    | Reached skill level 10 in Dodging
 12365 | Orc:2    | Paralysed by a chaos spawn for 2 turns
 12366 | Orc:2    | Mangled by an orc knight

Illustrated notes

Levels and vault maps discovered:
D:1:      dpeg_arrival_boxorama, layout_basic, chequers_serial_rivers_micro_e,
          minmay_tromino_i2
D:2:      minmay_inner_zag, layout_basic, serial_forest,
          infiniplex_forest_clump_small, infiniplex_forest_clump_small,
          infiniplex_forest_clump_medium, infiniplex_forest_clump_small,
          infiniplex_forest_clump_large, infiniplex_forest_lined_room_2,
          infiniplex_forest_diagonal, infiniplex_forest_end_double,
          minmay_joined_circles
D:3:      layout_basic, grunt_dithmenos_smoke, minitemple,
          nicolae_vehumet_altar_sigil, uniq_jessica
D:4:      layout_cave_pods
D:5:      wander_guarded_unrand_ratskin, layout_loops_ring,
          kiku_gazebo_pond_becter, ebering_ghost_inner_flame, item_on_display_a
D:6:      layout_basic, mainiacjoe_overflow_surrounded_room,
          guppyfry_early_elven_hall
D:7:      layout_basic, minmay_temple_entry_grid, serial_shops, shop,
          nzn_ghost_randoct, hangedman_abyss_or_decor_lesser_grid,
          chequers_serial_rivers_marsh, minmay_shop_enchanted_jewellery
D:8:      layout_layer_cave, uniq_grum
D:9:      layout_roguey, erik_lair_orcish_takeover, grunt_decor_clamped,
          nicolae_shop_overcharged_wands
D:10:     gammafunk_jiyva_shrine, layout_loops_ring,
          grunt_temple_overflow_gold_and_silver,
          mainiacjoe_overflow_tiny_flanked, general_overflow_altar, erik_orc_1,
          uniq_nergalle
D:11:     layout_roguey
D:12:     layout_big_octagon
D:13:     layout_rooms, david_vaults_5, chequers_serial_rivers_micro_e
Temple:   cyrus_temple_forest
Orc:1:    layout_diamond_mine
Orc:2:    st_orc_rangers, layout_caves

Skill      XL: |  1  2  3  4  5  6  7  8  9 10 11 12 |
---------------+-------------------------------------+-----
Shields        | 2 3 4 5 6 8 9 10 | 10.3
Dodging        | 1 2 3 4 5 6 7 9 10 | 10.1
Fighting       | 3 4 5 6 7 8 10 | 10.9
Armour         | 1 2 3 4 6 7 8 9 |  9.9
Axes           | 2 |  2.9
Throwing       | |  1.0
Spellcasting   | |  1.0
Ice Magic      | |  1.7

Action                     |  1- 3 |  4- 6 |  7- 9 | 10-12 || total
---------------------------+-------+-------+-------+-------++-------
  Melee: Hand axe          |   134 |    36 |       |       ||   170
         Broad axe         |       |    76 |   190 |   470 ||   736
  Throw: Javelin           |       |     2 |     5 |     1 ||     8
         Dart              |       |     2 |     3 |     2 ||     7
 Invoke: Call Merchant     |       |       |       |     1 ||     1
  Evoke: Wand              |       |       |       |     9 ||     9
    Use: Scroll            |     4 |    19 |    10 |     4 ||    37
         Potion            |       |       |     2 |     3 ||     5
   Stab: Sleeping          |     2 |     1 |       |       ||     3
         Invisible         |       |       |     1 |       ||     1
         Confused          |       |       |       |     1 ||     1
         Distracted        |       |       |       |     2 ||     2
 Armour: Robe              |    19 |       |       |       ||    19
         Ring mail         |       |    16 |       |       ||    16
         Leather armour    |       |     1 |       |       ||     1
         Chain mail        |       |    26 |   128 |   292 ||   446
  Dodge: Dodged            |    73 |    47 |   113 |   434 ||   667
  Block: Buckler           |    33 |    34 |    73 |   254 ||   394
